Map: Curious Minds LE

Players

A.I. 1 (Very Easy) - Winner!

  • Race: Protoss Protoss

WillSerral

  • Race: Terran Terran
  • League: Master

VOD

Have the link to the VOD?

Description

Time

  • Played on: Oct. 20, 2021, 3:12 p.m.
  • Length: 8:41
Show
View Real Time Build Order
Export as new Build Order

A.I. 1 (Very Easy) Protoss - Winner!

Build Orders: 1 Gate Expand 

Get SALT Encoding   

  6  0:00  Probe  
  13  0:13  Probe  
  14  0:19  Pylon  
  14  0:43  Gateway  
  14  1:06  Probe  
  15  1:11  Pylon  
  15  1:13  Nexus  
  15  1:20  Assimilator  
  15  1:22  Zealot  
  17  1:40  Cybernetics Core  
  17  1:41  Probe  
  18  1:53  Probe  
  19  2:02  Probe  
  19  2:03  Assimilator  
  20  2:10  Probe  
  20  2:11  Warp Gate  
  21  2:18  Stalker  
  21  2:20  Probe  
  24  2:24  Probe  
  25  2:34  Probe  
  26  2:47  Probe  
  27  2:53  Pylon  
  27  2:54  Probe  
  28  3:01  Probe  
  28  3:02  Robotics Facility  
  29  3:15  Probe  
  30  3:20  Probe  
  31  3:29  Zealot  
  31  3:30  Probe  
  31  3:33  Probe  
  35  3:44  Probe  
  36  3:51  Probe  
  36  3:52  Observer, Assimilator  
  38  3:58  Probe, Assimilator  
  39  4:05  Probe  
  39  4:06  Observer  
  40  4:12  Probe  
  42  4:20  Probe  
  43  4:24  Probe  
  44  4:34  Probe  
  44  4:37  Probe, Pylon  
  45  4:40  Sentry  
  48  4:48  Probe  
  49  4:55  Probe  
  50  5:37  Stalker  
  50  5:39  Pylon  
  50  5:41  Probe  
  50  5:49  Probe  
  49  5:56  Probe  
  38  6:03  Pylon  
  38  6:04  Probe  
  38  6:06  Zealot  
  34  6:18  Probe  
  34  6:24  Pylon  
  23  6:30  Probe  
  21  6:35  Stalker  
  22  6:42  Probe  
  7  7:03  Zealot  
  9  7:14  Nexus  
  8  7:29  Nexus  
  8  7:31  Assimilator  
  8  7:32  Stalker  
  6  8:00  Stalker  
  7  8:10  Nexus  
  7  8:29  Stalker  
Show
View Real Time Build Order
Export as new Build Order

WillSerral Terran 

Build Orders:  

Get SALT Encoding   

  6  0:00  SCV  
  13  0:12  SCV  
  14  0:17  Supply Depot  
  14  0:24  SCV  
  15  0:38  SCV  
  15  0:39  Barracks  
  16  0:43  Refinery  
  16  0:50  SCV  
  17  1:02  SCV  
  18  1:15  SCV  
  19  1:27  Marine  
  19  1:28  Orbital Command  
  20  1:42  Command Center  
  20  1:45  Barracks Reactor  
  20  1:53  SCV  
  21  1:57  Supply Depot  
  21  2:05  SCV  
  22  2:17  SCV  
  22  2:20  Barracks  
  23  2:23  Barracks  
  23  2:24  Marine x2  
  23  2:29  SCV  
  26  2:41  SCV  
  26  2:42  Marine x2  
  29  2:53  SCV  
  29  2:55  Orbital Command  
  30  3:00  Marine x2  
  32  3:05  SCV  
  32  3:11  Barracks Tech Lab  
  32  3:12  Barracks Tech Lab  
  33  3:20  SCV  
  33  3:21  Supply Depot, SCV  
  33  3:25  Marine  
  37  3:30  Stimpack, Concussive Shells  
  37  3:32  Marine x3, SCV  
  37  3:33  SCV  
  41  3:44  SCV  
  41  3:45  SCV  
  41  3:46  Supply Depot, Refinery  
  43  3:49  Marine  
  43  3:50  Marauder x2, Marine  
  49  3:56  SCV  
  49  3:57  SCV  
  49  4:02  Engineering Bay  
  51  4:05  Supply Depot  
  51  4:09  SCV  
  53  4:10  SCV  
  53  4:13  Combat Shield  
  53  4:17  Marine x4  
  57  4:31  SCV x2  
  59  4:32  Supply Depot  
  59  4:36  Marine x4  
  63  4:43  Factory, SCV x2  
  65  4:49  Missile Turret  
  65  4:53  Terran Infantry Weapons Level 1  
  65  4:57  SCV x2  
  65  4:58  Command Center  
  67  5:02  Marine x3  
  67  5:03  Marine  
  71  5:09  SCV x2  
  73  5:16  Supply Depot  
  73  5:17  Supply Depot  
  73  5:20  Marine x4  
  73  5:21  SCV  
  78  5:25  Refinery  
  78  5:26  Refinery  
  78  5:28  Starport, Factory Reactor  
  78  5:38  SCV x2  
  78  5:41  Marauder x2  
  86  5:47  Barracks x2  
  84  5:50  SCV x2  
  85  6:00  Supply Depot x2  
  85  6:02  SCV x2  
  85  6:04  Marauder x2  
  91  6:14  SCV x2  
  91  6:15  Medivac x2  
  97  6:22  Factory Reactor  
  97  6:25  Supply Depot x2  
  96  6:26  SCV x2  
  96  6:28  Marauder x2  
  96  6:32  Orbital Command  
  102  6:36  Barracks Reactor, Barracks Tech Lab  
  102  6:41  SCV  
  102  6:42  SCV  
  102  6:45  Medivac x2  
  108  6:50  Marauder x2, Marine x2  
  108  6:54  SCV x2  
  115  7:06  Bunker  
  115  7:08  Supply Depot  
  115  7:11  Widow Mine x2  
  115  7:13  Marauder x2  
  115  7:14  Marauder  
  115  7:15  Medivac x2  
  129  7:17  Marine x4  
  133  7:35  Marauder x3, Marine x4, Supply Depot  
  143  7:40  Supply Depot  
  143  7:42  SCV x3  
  146  7:45  Refinery  
  146  7:46  Refinery  
  146  7:52  Widow Mine  
  146  7:54  SCV  
  146  7:57  Medivac x2, Widow Mine, SCV x2  
  157  8:04  Marauder x2  
  157  8:05  Marauder  
  163  8:11  Marine x2  
  163  8:12  Command Center  
  165  8:17  Supply Depot x3  
Tags
 
Add a new tag
Caveats
  • Supply blocks, unpowered buildings, or Contaminate may cause inaccurate times.
  • Supply counts are checked every 10 seconds.